 Dungeon Crawl Stone Soup version 0.30-b1-2-g02819fbbbe (webtiles) character file.

Game seed: 8775239936637774104

63 redmage the Digger (level 4, -10/33 HPs)
             Began as a Meteoran Earth Elementalist on July 27, 2023.
             Mangled by a sleepcap (13 damage)
             ... on level 3 of the Dungeon.
             The game lasted 00:02:48 (201 turns).

redmage the Digger (Meteoran Earth Elementalist)     Turns: 201, Time: 00:02:49

Health: -10/33     AC:  2    Str: 10    XL:     4   Next: 56%
Magic:  1/9        EV:  2    Int: 18    God:
Gold:   10         SH:  0    Dex: 14    Spells: 3/9 levels left

rFire   . . .        e - +2 whip (elec)
rCold   . . .        (no shield)
rNeg    . . .        a - +0 robe
rPois   .            (no helmet)
rElec   .            (no cloak)
rCorr   .            (no gloves)
SInv    .            (no boots)
Will    .....        (no amulet)
Stlth   +            (no ring)
HPRegen 0.25/turn    (no ring)
MPRegen 0.11/turn

%: no passive effects
@: sleeping, glowing
A: sense surroundings 1, otherworldly, glowing, explore regen
a: no special abilities


You were on level 3 of the Dungeon.
You visited 1 branch of the dungeon, and saw 3 of its levels.

You collected 10 gold pieces.

Inventory:

Hand Weapons
 e - a +2 whip of electrocution (weapon)
Armour
 a - a +0 robe (worn)
Scrolls
 c - a scroll of poison {unknown}
 g - a scroll of magic mapping {unknown}
Potions
 b - a potion of magic
 d - a potion of lignification {unknown}
 f - a potion of ambrosia {unknown}
 h - a potion of resistance {unknown}


   Skills:
 + Level 0.1 Maces & Flails
 - Level 2.4 Dodging
 - Level 1.4 Stealth
 - Level 3.0 Spellcasting
 * Level 0.8 Conjurations
 - Level 1.2 Transmutations
 * Level 5.5 Earth Magic


You had 3 spell levels left.
You knew the following spells:

 Your Spells              Type           Power      Damage    Failure   Level
a - Sandblast             Erth           44%        2d11      1%          1
b - Passwall              Tmut/Erth      12%        N/A       6%          2
c - Stone Arrow           Conj/Erth      28%        3d8       13%         3

Your spell library contained the following spells:

 Spells                   Type           Power      Damage    Failure   Level
 Volatile Blastmotes      Fire/Tloc      4%         2d10      43%         3
 Petrify                  Tmut/Erth      15%        N/A       36%         4
 Lee's Rapid Deconstruct  Erth           11%        3d8*      43%         5
 Fulminant Prism          Conj/Hex       2%         3d5       80%         4
 Iskenderun's Mystic Bla  Conj/Tloc      4%         2d3       80%         4


Dungeon Overview and Level Annotations

Branches:
Dungeon (3/15) Zot: 1584

Altars:
Ru


Innate Abilities, Weirdness & Mutations

You passively map a small area around you.
You are easily found by Zot.
You glow in the dark.
You regain HP and MP as you explore.


Message History

Press: ? - help, Shift-Dir - straight line, f/p - sleepcap
Aim: a sleepcap (lightly damaged, 100% to hit)
The blast of sand hits the sleepcap.
The sleepcap is moderately damaged.
The sleepcap barely misses you. x2
Unknown command.
Casting: Sandblast (safe; 1% risk of failure)
Confirm with . or Enter, or press ? or * to list all spells.
Aiming: Sandblast (safe; 1% risk of failure)
Press: ? - help, Shift-Dir - straight line, f/p - sleepcap
Aim: a sleepcap (moderately damaged, 100% to hit)
The blast of sand hits the sleepcap!
The sleepcap is severely damaged.
The sleepcap releases spores at you.
You are engulfed in a cloud of soporific spores!
You are unaffected.
Casting: Sandblast (safe; 1% risk of failure)
Confirm with . or Enter, or press ? or * to list all spells.
Aiming: Sandblast (safe; 1% risk of failure)
Press: ? - help, Shift-Dir - straight line, f/p - sleepcap
Aim: a sleepcap (severely damaged, 100% to hit)
The blast of sand hits the sleepcap but does no damage.
The sleepcap is severely damaged.
The sleepcap releases spores at you.
* * * LOW HITPOINT WARNING * * *
The sleepcap barely misses you.
Casting: Sandblast (safe; 1% risk of failure)
Confirm with . or Enter, or press ? or * to list all spells.
Aiming: Sandblast (safe; 1% risk of failure)
Press: ? - help, Shift-Dir - straight line, f/p - sleepcap
Aim: a sleepcap (severely damaged, 100% to hit)
The blast of sand hits the sleepcap but does no damage.
The sleepcap is severely damaged.
The sleepcap releases spores at you!
* * * LOW HITPOINT WARNING * * *
You are engulfed in a cloud of soporific spores!
You fall asleep.
The sleepcap barely misses you. The sleepcap releases spores at you!
You die...

###.##.....w.....#.###..
,
....###......)..........
,*
....###.....####.#######
.................#!.$..#
...#....[##.##.#.#.).$.#
...#.#...##.##...#$$_$.#
........###.####w#.....#
.........##.# #f#.$.$.#
....##.#....# #@###+###
*
.#.###......####........
*
.#.######.......########
......##........##
##.##............#
#.#####.........### #.#
#..........<### *#.#
#<.......##...# ...
#.............#


You could see a sleepcap and a dart slug.

Vanquished Creatures
  A sleepcap (D:3)
  3 adders (D:2)
  An endoplasm (D:3)
  2 hobgoblins (D:2)
  3 ball pythons
  A bat (D:2)
  2 kobolds
  A rat (D:2)
14 creatures vanquished.

Notes
Turn   | Place    | Note
-------+----------+-------------------------------------------
     0 | D:1      | redmage the Meteoran Earth Elementalist began the quest for
                  | the Orb.
     0 | D:1      | Reached XP level 1. HP: 14/14 MP: 5/5
    48 | D:2      | Reached skill level 4 in Earth Magic
    48 | D:2      | Reached XP level 2. HP: 18/20 MP: 2/6
    86 | D:2      | Reached XP level 3. HP: 23/26 MP: 3/8
    90 | D:2      | Learned a level 2 spell: Passwall
    94 | D:2      | Learned a level 3 spell: Stone Arrow
   145 | D:2      | Reached skill level 5 in Earth Magic
   180 | D:3      | Found a sacrificial altar of Ru.
   194 | D:3      | Reached XP level 4. HP: 28/33 MP: 5/9
   201 | D:3      | Mangled by a sleepcap

Illustrated notes

Levels and vault maps discovered:
D:1:      dpeg_arrival_yet_another_circle, layout_rooms, minivault_14
D:2:      layout_basic
D:3:      layout_rooms, amcnicky_altar_gilded, mainiacjoe_overflow_alcove_3,
          grunt_ministairs_2, hellmonk_no_cap, uniq_robin, uniq_natasha,
          uniq_jessica

Skill      XL: |  1  2  3 |
---------------+----------+-----
Earth Magic    | 4 5 |  5.5
Spellcasting   | 3 |  3.0
Maces & Flails | |  0.1
Dodging        | |  2.4
Stealth        | |  1.4
Conjurations   | |  0.8
Transmutations | |  1.2

Action                     |  1- 3 |  4- 6 || total
---------------------------+-------+-------++-------
  Melee: Whip              |     1 |       ||     1
   Cast: Sandblast         |    24 |     5 ||    29
 Armour: Robe              |     5 |       ||     5
  Dodge: Dodged            |    19 |     4 ||    23
